Map: Shrines of Lizul

Players

ZeCuddafish

  • Race: Protoss Protoss
  • Spawn Location: 12:00

DMagic

  • Race: Protoss Protoss
  • Spawn Location: 3:00

Mesrob - Winner!

  • Race: Terran Terran
  • Spawn Location: 6:00

Subwaymaker - Winner!

  • Race: Protoss Protoss
  • League: Silver
  • Spawn Location: 9:00

VOD

Have the link to the VOD?

Description

Time

  • Played on: Jan. 6, 2019, 4:54 p.m.
  • Length: 6:09
Show
View Real Time Build Order
Export as new Build Order

ZeCuddafish Protoss 

Build Orders:  

Get SALT Encoding   

  12  0:01  Probe  
  13  0:13  Probe  
  14  0:19  Pylon  
  14  0:25  Probe  
  15  0:39  Probe, Gateway  
  16  0:50  Assimilator  
  16  0:53  Probe  
  16  0:54  Assimilator  
  17  1:05  Probe  
  19  1:18  Probe  
  19  1:20  Gateway  
  19  1:34  Probe  
  19  1:36  Cybernetics Core  
  20  1:42  Probe  
  21  1:52  Pylon, Probe  
  22  2:04  Probe  
  23  2:13  Stalker x2  
  27  2:16  Probe  
  27  2:19  Warp Gate  
  28  2:28  Probe  
  29  2:54  Nexus  
  29  3:01  Nexus  
  29  3:03  Stalker  
  31  3:12  Pylon  
  31  3:27  Pylon  
  31  3:35  Robotics Facility  
  31  3:58  Gateway  
  31  4:00  Gateway  
  31  4:02  Gateway  
  31  4:08  Probe  
  32  4:15  Pylon  
  32  4:17  Probe  
  32  4:20  Probe  
  34  4:29  Probe  
  31  4:40  Assimilator  
  31  4:42  Assimilator  
  31  4:50  Stalker  
  31  4:51  Stalker  
  33  5:03  Stalker x2  
  33  5:04  Stalker  
  37  5:20  Stalker x2  
  37  5:31  Stalker  
  37  5:32  Stalker  
  37  5:46  Pylon  
  37  5:47  Probe  
  37  5:48  Pylon  
  38  5:50  Pylon  
Show
View Real Time Build Order
Export as new Build Order

DMagic Protoss 

Build Orders:  

Get SALT Encoding   

  1  0:00  Probe  
  12  0:06  Probe  
  14  0:24  Pylon  
  14  0:45  Pylon  
  14  0:55  Probe  
  14  1:03  Probe  
  15  1:04  Forge  
  15  1:05  Gateway  
  16  1:16  Assimilator, Probe  
  16  1:20  Assimilator  
  17  1:58  Photon Cannon  
  17  2:00  Photon Cannon  
  17  2:02  Photon Cannon  
  17  2:04  Probe  
  18  2:12  Probe  
  18  2:22  Probe  
  19  2:24  Zealot  
  22  2:34  Probe  
  23  2:46  Probe  
  24  2:51  Zealot  
  26  3:03  Probe  
  27  3:07  Nexus  
  27  3:13  Assimilator  
  27  3:17  Assimilator  
  27  3:33  Probe  
  27  3:36  Cybernetics Core  
  28  3:41  Probe  
  29  3:50  Probe  
  29  3:53  Pylon x2  
  30  3:58  Pylon  
  30  3:59  Probe  
  30  4:07  Probe  
  32  4:17  Probe  
  32  4:19  Probe  
  34  4:29  Probe  
  32  4:31  Probe  
  32  4:43  Probe  
  29  4:54  Photon Cannon  
  29  4:55  Probe  
Show
View Real Time Build Order
Export as new Build Order

Mesrob Terran - Winner!

Build Orders:  

Get SALT Encoding   

  12  0:01  SCV  
  13  0:13  SCV  
  14  0:25  SCV  
  15  0:30  Supply Depot  
  15  0:41  Refinery  
  15  0:51  SCV  
  15  0:52  Barracks  
  16  1:00  Barracks  
  16  1:04  SCV  
  17  1:16  SCV  
  18  1:27  Supply Depot  
  18  1:40  Marine  
  18  1:42  Orbital Command  
  19  1:49  Supply Depot  
  19  2:05  Factory  
  19  2:06  Barracks Tech Lab  
  19  2:09  Marine  
  20  2:37  Refinery, Barracks Reactor  
  20  2:39  Supply Depot  
  20  2:41  Marine  
  20  2:59  Marine  
  21  3:12  SCV  
  22  3:15  Command Center  
  22  3:20  Siege Tank  
  22  3:24  SCV  
  22  3:27  Marine x2  
  26  3:33  Supply Depot  
  28  3:37  SCV  
  29  3:45  Marine  
  29  3:46  Marine  
  31  3:52  Marine, Siege Tank  
  35  3:57  SCV  
  36  4:03  Marine  
  36  4:09  SCV  
  34  4:54  Marine  
  34  4:56  Marine  
  34  4:57  Marine  
  34  4:58  Siege Tank  
  34  5:34  Orbital Command  
  34  5:36  SCV  
  34  5:39  Marine x3  
  38  5:48  SCV  
Show
View Real Time Build Order
Export as new Build Order

Subwaymaker Protoss - Winner!

Build Orders:  

Get SALT Encoding   

  1  0:00  Probe  
  13  0:23  Pylon  
  13  0:28  Assimilator  
  13  0:29  Probe  
  14  0:41  Probe  
  15  0:48  Gateway  
  15  0:53  Probe  
  16  1:02  Probe  
  16  1:10  Probe  
  18  1:20  Probe  
  19  1:31  Assimilator  
  19  1:32  Probe  
  20  1:44  Cybernetics Core, Probe, Zealot  
  23  2:23  Pylon  
  23  2:37  Probe  
  23  2:41  Stalker  
  23  2:43  Pylon  
  26  2:46  Pylon  
  26  2:48  Probe  
  27  2:52  Robotics Facility  
  27  3:01  Probe  
  27  3:03  Gateway  
  28  3:08  Twilight Council  
  28  3:13  Probe  
  28  3:25  Sentry, Probe  
  31  3:31  Warp Gate  
  31  3:35  Pylon  
  31  3:39  Gateway  
  31  3:40  Observer, Gateway  
  32  3:43  Charge  
  32  3:57  Adept  
  32  4:02  Stalker  
  36  4:17  Immortal  
  36  4:23  Pylon  
  40  5:01  Probe  
  41  5:13  Probe  
  42  5:27  Zealot x2  
  42  5:28  Zealot x2  
  46  5:54  Zealot  
  46  5:55  Zealot x3  
Tags
 
Add a new tag
Caveats
  • Supply blocks, unpowered buildings, or Contaminate may cause inaccurate times.
  • Supply counts are checked every 10 seconds.